 Dungeon Crawl Stone Soup version 0.27-a0-681-g0c81a3c1c3 (webtiles) character file.

Game seed: 502412774820731098

100 tilp the Sneak (level 4, -4/31 HPs)
             Began as an Octopode Transmuter on Mar 19, 2021.
             Killed by nerve-wracking pain
             ... invoked by Grinder
              (6 damage)
             ... while paralysed by Grinder
             ... on level 3 of the Dungeon.
             The game lasted 00:04:26 (2583 turns).

tilp the Sneak (Octopode Transmuter)                Turns: 2583, Time: 00:04:27

Health: -4/31      AC:  1    Str:  9    XL:     4   Next: 74%
Magic:  16/16      EV:  2    Int: 16    God:
Gold:   120        SH:  0    Dex: 12    Spells: 4/7 levels left

rFire    . . .     SeeInvis .     - Unarmed
rCold    . . .     Faith    .   (no shield)
rNeg     . . .     Spirit   .   (helmet currently unavailable)
rPois    .         Reflect  .   (no amulet)
rElec    .         Harm     .   b - ring of magical power
rCorr    .         Rampage  .   i - +4 ring of slaying
Will     .....                  (no ring)
Stlth    +++.......             (no ring)
HPRegen  0.10/turn              (no ring)
MPRegen  0.15/turn              (no ring)
                                (no ring)
                                (no ring)

@: paralysed, appendages, hasted
A: tentacle spike 3, almost no armour, amphibious, 8 rings, camouflage 1,
gelatinous body 1, nimble swimmer 1, tentacles
a: End Transformation


You were on level 3 of the Dungeon.
One of your tentacles had grown a beastly spike.
You visited 1 branch of the dungeon, and saw 3 of its levels.

You collected 120 gold pieces.

Inventory:

Missiles
 c - 61 stones (quivered)
 l - 3 javelins
Jewellery
 b - a ring of magical power (left tentacle)
 i - a +4 ring of slaying (right tentacle)
Wands
 m - a wand of polymorph (12)
Scrolls
 a - 3 scrolls of teleportation
 g - 2 scrolls of magic mapping {unknown}
 h - a scroll of amnesia {unknown}
 j - 3 scrolls of fog {unknown}
 n - a scroll of holy word {unknown}
Potions
 d - a potion of resistance
 e - a potion of attraction
 k - a potion of degeneration {unknown}


   Skills:
 + Level 3.2 Fighting
 - Level 2.0 Dodging
 - Level 4.0 Stealth
 - Level 3.0 Unarmed Combat
 - Level 2.0 Spellcasting
 - Level 2.0 Transmutations


You had 4 spell levels left.
You knew the following spells:

 Your Spells              Type           Power      Damage    Failure   Level
a - Beastly Appendage     Tmut           16%        N/A       9%          1
b - Wereblood             Tmut           8%         N/A       14%         2

Your spell library contained the following spells:

 Spells                   Type           Power      Damage    Failure   Level
 Spider Form              Tmut/Pois      2%         N/A       38%         3
 Confusing Touch          Hex            1%         N/A       52%         3
 Gell's Gravitas          Tloc           0%         N/A       52%         3
 Ice Form                 Ice/Tmut       4%         N/A       80%         4
 Petrify                  Tmut/Erth      4%         N/A       80%         4
 Animate Dead             Necr           0%         N/A       90%         4
 Blade Hands              Tmut           4%         N/A       94%         5
 Yara's Violent Unravell  Hex/Tmut       2%         3d3       98%         5
 Borgnjor's Vile Clutch   Necr/Erth      0%         N/A       99%         5
 Metabolic Englaciation   Hex/Ice        0%         N/A       99%         5
 Death Channel            Necr           0%         N/A       100%        6
 Simulacrum               Ice/Necr       0%         N/A       100%        6


Dungeon Overview and Level Annotations

Branches:
Dungeon (3/15)

Altars:
Trog

Shops:
D:2 (

Annotations:
D:2 Sigmund
D:3 Grinder


Innate Abilities, Weirdness & Mutations

One of your tentacles has grown a beastly spike.
You cannot wear most types of armour.
You are amphibious.
You can wear up to eight rings at the same time.
Your skin changes colour to match your surroundings (Stealth+).
Your rubbery body absorbs attacks. (AC +1, EV +1)
You are stealthy while swimming. (Stealth+)
You have tentacles for arms and can constrict up to eight enemies at once.


Message History

n - a scroll labelled FOP XASOIROCE Your tentacle spike disappears.
Grinder is nearby!
Unknown command.
You feel yourself speed up.
Casting: Beastly Appendage (safe; 9% risk of failure)
Confirm with . or Enter, or press ? or * to list all spells.
One of your tentacles grows a vicious spike.
Grinder shouts!
Grinder hits you but does no damage.
You tentacle-slap Grinder but do no damage.
Your grab misses Grinder.
You pierce Grinder!
Grinder is lightly wounded.
Grinder misses you.
You tentacle-slap Grinder. You grab Grinder. You squeeze Grinder!
Grinder is heavily wounded.
You constrict Grinder, but do no damage.
You tentacle-slap Grinder.
You pierce Grinder, but do no damage.
Grinder is heavily wounded.
You constrict Grinder, but do no damage.
Grinder hits you!
You writhe in agony.
You tentacle-slap Grinder. x2
Grinder is severely wounded.
You constrict Grinder. Grinder misses you.
You tentacle-slap Grinder.
Your tentacle spike misses Grinder.
Grinder is almost dead.
You constrict Grinder, but do no damage.
You tentacle-slap Grinder.
You tentacle-slap Grinder, but do no damage.
Grinder is almost dead.
You constrict Grinder. Grinder gestures at you.
You suddenly lose the ability to move!
You lose your grip on Grinder.
Grinder hits you!
* * * LOW HITPOINT WARNING * * *
You writhe in agony.
* * * LOW HITPOINT WARNING * * *
Grinder gestures at you. Pain shoots through your body!
You die...

........#.................#
#
#######.#.................#
# # #.#..####.###.......# #
# #.##................# # #
#.##.####.###.......# # #
#.##.# #.# #.......# # #
#.##.####.#####.##### # #
#.#........# #.###########
# #.#.......@#
.............
#.#........5............#..
#........############.###
.........................
................<#.......
.....###.#########..#.###
.... #.#########..#.### ...
#..............#..
#.#########..#.#..


You could see Grinder.

Vanquished Creatures
  Ijyb (D:3)
  2 adders (D:2)
  2 worms (D:2)
  A dart slug (D:3)
  A leopard gecko (D:1)
  2 orcs (D:3)
  A ball python (D:2)
  3 bats
  A giant cockroach (D:2)
  5 goblins
  4 hobgoblins
  5 jackals
  4 kobolds (D:1)
  A quokka (D:1)
  3 frilled lizards
  9 rats
45 creatures vanquished.

Notes
Turn   | Place    | Note
-------+----------+-------------------------------------------
     0 | D:1      | tilp the Octopode Transmuter began the quest for the Orb.
     0 | D:1      | Reached XP level 1. HP: 13/13 MP: 3/3
    76 | D:1      | Reached skill level 1 in Stealth
   144 | D:1      | Reached skill level 2 in Stealth
   148 | D:1      | Reached XP level 2. HP: 10/18 MP: 1/5
   155 | D:1      | Learned a level 2 spell: Wereblood
   410 | D:1      | Reached skill level 3 in Stealth
  1030 | D:2      | Reached XP level 3. HP: 23/23 MP: 6/6
  1085 | D:2      | Reached skill level 4 in Stealth
  1411 | D:2      | Noticed Sigmund
  1480 | D:2      | Found Hikhuash's Antique Weapon Shop.
  1660 | D:2      | Noticed a phantom
  1807 | D:2      | Noticed a moth of wrath
  1811 | D:2      | Found a bloodstained altar of Trog.
  1838 | D:2      | Reached XP level 4. HP: 26/30 MP: 7/7
  2384 | D:3      | Noticed Ijyb
  2396 | D:3      | Killed Ijyb
  2396 | D:3      | Noticed Grinder
  2581 | D:3      | Paralysed by Grinder for 2 turns
  2583 | D:3      | Killed from afar by Grinder

Illustrated notes

Levels and vault maps discovered:
D:1:      wander_arrival_lonely_grave, layout_loops_ring
D:2:      layout_loops_ring, tgw_trog, serial_shops, shop, uniq_sigmund
D:3:      layout_basic, dk_yredelemnul_ordeal, uniq_ijyb, uniq_grinder

Skill      XL: |  1  2  3  4 |
---------------+-------------+-----
Stealth        | 2 3 4 |  4.0
Fighting       | 2 3 |  3.2
Dodging        | |  2.0
Unarmed Combat | |  3.0
Spellcasting   | |  2.0
Transmutations | |  2.0

Action                   |  1- 3 |  4- 6 || total
-------------------------+-------+-------++-------
Melee: Unarmed           |    70 |    26 ||    96
       Constrict         |    25 |     8 ||    33
       Kick              |    23 |     8 ||    31
       Tentacles         |     8 |     4 ||    12
       Punch             |     2 |     2 ||     4
 Cast: Beastly Appendage |    26 |    11 ||    37
       Wereblood         |     3 |     2 ||     5
  Use: Scroll            |     1 |     3 ||     4
       Potion            |       |     1 ||     1
 Stab: Sleeping          |     6 |     2 ||     8
Armor: Skin              |     2 |     2 ||     4
Dodge: Dodged            |    43 |    10 ||    53

Table legend: (Time is in decaauts)
 A = Elapsed time spent in this place.
 B = Non-inter-level travel time spent in this place.
 C = Inter-level travel time spent in this place.
 D = Time resting spent in this place.
 E = Time spent auto-exploring this place.
 F = Levels seen in this place.
 G = Mean time per level.
                   A        B        C        D        E       F      G
               +--------+--------+--------+--------+--------+-----+--------+
         Total |   2576 |   2367 |    209 |      3 |   1934 |   3 |  858.7 |
       Dungeon |   2576 |   2367 |    209 |      3 |   1934 |   3 |  858.7 |
               +--------+--------+--------+--------+--------+-----+--------+

Top non-repeatable levels by time:
     D:2: 1077 daAuts
     D:1: 1057 daAuts
     D:3: 441 daAuts
